 Dungeon Crawl Stone Soup version 0.24-a0-441-g27f0392e16 (webtiles) character file.

Game seed: 6218800496312422688

4724 KristoblXynda the Carver (level 10, -5/88 HPs)
             Began as a Green Draconian Gladiator on June 19, 2019.
             Was a Follower of Ashenzari.
             Slain by a yak (11 damage)
             ... on level 9 of the Dungeon.
             The game lasted 00:17:44 (10132 turns).

KristoblXynda the Carver (DrGl)                    Turns: 10132, Time: 00:17:45

Health: -5/88      AC:  8    Str: 17    XL:     10   Next: 22%
Magic:  14/14      EV: 15    Int: 11    God:    Ashenzari [*.....]
Gold:   464        SH:  4    Dex: 13    Spells: 4/9 levels left

rFire    + + +     SeeInvis +   l - +0 long sword (curse)
rCold    . . .     Gourm    .   i - +1 buckler {rN+} (curse)
rNeg     + + .     Faith    .   (armour unavailable)
rPois    +         Spirit   .   b - +0 hat
rElec    .         Reflect  .   s - +0 cloak
rCorr    .         Harm     .   (no gloves)
MR       .....                  (no boots)
Stlth    +.........             (no amulet)
HPRegen  0.24/turn              w - ring of Xiadgh {Wiz +Fly rF+++ rN+ Stlth-} (curse)
MPRegen  0.14/turn              E - ring of see invisible

@: short of breath
A: breathe noxious fumes, unfitting armour, poison resistance, cold-blooded, AC
+7
a: Breathe Noxious Fumes, Curse Item, Scrying, Renounce Religion, Evoke Flight


You were on level 9 of the Dungeon.
You worshipped Ashenzari.
Ashenzari was aware of your devotion.
You were hungry.

You visited 2 branches of the dungeon, and saw 10 of its levels.
You also visited: Ossuary.

You collected 464 gold pieces.

Inventory:

Hand Weapons
 l - a cursed +0 long sword (weapon)
Missiles
 c - 5 throwing nets
 t - 6 silver javelins (quivered)
Armour
 b - a +0 hat (worn)
 i - a cursed +1 buckler of positive energy (worn)
 s - a +0 cloak (worn)
Jewellery
 h - an uncursed ring of flight
 q - a +4 ring of intelligence
 r - an uncursed ring of protection from magic
 w - the cursed ring of Xiadgh (left hand) {Wiz +Fly rF+++ rN+ Stlth-}
   (You found it on level 5 of the Dungeon)

   [ring of wizardry]

   It improves your spell success rate.
   It renders you almost immune to fire.
   It protects you from negative energy.
   It lets you fly.
   It makes you less stealthy.
   It has a curse placed upon it.
 E - a ring of see invisible (right hand)
Wands
 o - a wand of iceblast (8)
 y - a wand of disintegration (17)
 F - a wand of digging (6)
Scrolls
 e - 9 scrolls of teleportation
 f - a scroll of enchant weapon
 g - 5 scrolls of magic mapping
 k - 8 scrolls of remove curse
 m - 4 scrolls of amnesia
 n - a scroll of fog
 p - a scroll of immolation
 u - a scroll of blinking
 x - a scroll of identify
 G - 2 scrolls of fear
Potions
 j - 3 potions of cancellation
 v - a potion of mutation
 z - a potion of curing
 A - 2 potions of agility
 B - 2 potions of might
 D - a potion of flight
 H - a potion of magic
Comestibles
 d - 16 rations


   Skills:
 + Level 8.0 Fighting
 + Level 9.7 Long Blades
 - Level 2.0 Throwing
 + Level 6.9 Dodging
 + Level 2.8 Stealth
 - Level 5.6 Evocations


You had 4 spell levels left.
You knew the following spells:

 Your Spells              Type           Power        Failure   Level  Hunger
a - Fireball              Conj/Fire      #.........   99%         5    ######.

Your spell library contained the following spells:

 Spells                   Type           Power        Failure   Level  Hunger
 Flame Tongue             Conj/Fire      #....        24%         1    ##.....
 Summon Small Mammal      Summ           #...         24%         1    ##.....
 Call Imp                 Summ           #.......     32%         2    ###....
 Throw Flame              Conj/Fire      #.....       32%         2    ###....
 Call Canine Familiar     Summ           #.......     54%         3    ####...
 Conjure Flame            Conj/Fire      #.......     54%         3    ####...
 Inner Flame              Hex/Fire       #.......     54%         3    ####...
 Summon Guardian Golem    Hex/Summ       #.......     54%         3    ####...
 Sticky Flame             Conj/Fire      #.......     90%         4    #####..
 Summon Ice Beast         Ice/Summ       #.......     90%         4    #####..
 Summon Lightning Spire   Summ/Air       #.......     90%         4    #####..


Dungeon Overview and Level Annotations

Branches:
Dungeon (9/15)             Temple (1/1) D:7            Lair (0/6) D:9
    Orc: D:9-12

Altars:
Ashenzari
Cheibriados
Dithmenos
Elyvilon
Fedhas
Gozag
Hepliaklqana
Kikubaaqudgha
Makhleb
Nemelex Xobeh
Okawaru
Qazlal
Ru
Sif Muna
Trog
Uskayaw
Vehumet
Wu Jian
Xom
Yredelemnul
Zin
The Shining One


Innate Abilities, Weirdness & Mutations

You can breathe blasts of noxious fumes.
Your lurid green scales are hard. (AC +7)
You cannot fit into any form of body armour.
Your system is resistant to poisons. (rPois)
You are cold-blooded and may be slowed by cold attacks.


Message History

Evoke which item? (* to show all) (? for menu, Esc to quit)
Aiming: Disintegrate
Press: ? - help, Shift-Dir - straight line, f/p - warg
Aim: a warg (severely wounded, chance to defeat MR: 71%)
The warg is blasted!!
You blow up the warg!
Your Fighting skill increases to level 8!
You can't do that yet.
Unknown command.
You have got your breath back.
Press: ? - help, Shift-Dir - straight line, f - yak
Aim: a yak (heavily wounded)
You exhale a blast of noxious fumes.
The blast of choking fumes hits the yak but does no damage.
The yak is heavily wounded.
The blast of choking fumes hits the yak.
The yak is almost dead.
You are feeling hungry.
The yak is engulfed in noxious fumes.
The yak gores you!
You die... ### #####.## #######.##.#.## #..o☼Y§Y@.###.### Yo. #.#####.#..#....##### h.Y

#†# ####........>.# .... #Y#
##.#.#.###.# Y... #.#
###.#..##.# Y.Y.. ##o######
#.##.##.#
.....###...(.).######.......#
#....#.####.....#####.####
###y###(.##.....# #.#


You could see 2 yaks and an orc wizard.

Vanquished Creatures
  A hippogriff (D:8)
  3 yaks (D:9)
  2 wargs (D:9)
  3 orc warriors
  An ice beast (D:5)
  2 ogres
  2 black bears (D:8)
  A necrophage (D:9)
  3 centaurs
  2 big kobolds
  A bullfrog (D:8)
  A water moccasin zombie (D:6)
  5 scorpions
  2 wyvern skeletons (D:6)
  6 killer bees
  9 wights
  3 howler monkeys
  2 electric eels (D:7)
  A crimson imp (D:5)
  2 centaur zombies (Ossuary)
  A quasit (D:8)
  3 bullfrog zombies (Ossuary)
  3 jellies
  3 orc priests
  5 hounds
  4 orc wizards
  2 bullfrog skeletons
  2 iguanas
  8 worker ants
  A killer bee zombie (Ossuary)
  4 hound zombies (Ossuary)
  3 hound skeletons
  10 mummies (Ossuary)
  A howler monkey zombie (Ossuary)
  4 worker ant zombies
  9 adders
  2 shadow imps
  An adder zombie (D:8)
  6 worms
  2 dart slugs
  A leopard gecko (D:2)
  22 orcs
  5 bats
  6 giant cockroaches
  4 hobgoblins
  6 jackals
  19 kobolds
  A quokka (D:8)
  A ball python (D:8)
  6 frilled lizards
  A giant cockroach zombie (Ossuary)
  8 goblins
  2 leopard gecko zombies
  A quokka skeleton (D:5)
  A quokka zombie (Ossuary)
  3 rats
213 creatures vanquished.

Vanquished Creatures (collateral kills)
  An orc (D:6)
1 creature vanquished.

Vanquished Creatures (others)
  2 killer bees (D:8)
  3 withered plants (Ossuary)
5 creatures vanquished.

Grand Total: 219 creatures vanquished

Notes
Turn   | Place    | Note
-------+----------+-------------------------------------------
     0 | D:1      | KristoblXynda the Draconian Gladiator began the quest for
                  | the Orb.
     0 | D:1      | Reached XP level 1. HP: 17/17 MP: 1/1
   179 | D:1      | Reached XP level 2. HP: 16/25 MP: 2/2
  1084 | D:2      | Reached XP level 3. HP: 17/30 MP: 3/3
  1850 | D:2      | Reached XP level 4. HP: 31/38 MP: 4/4
  1866 | D:2      | Reached skill level 4 in Long Blades
  2438 | D:3      | Reached XP level 5. HP: 42/45 MP: 5/5
  2737 | D:3      | Reached skill level 1 in Evocations
  3234 | D:4      | Reached XP level 6. HP: 44/52 MP: 7/7
  3235 | D:4      | Reached skill level 5 in Long Blades
  3741 | D:5      | Entered Level 5 of the Dungeon
  3782 | D:5      | Noticed an ice beast
  3798 | D:5      | Your scales start taking on a lurid green colour.
  3798 | D:5      | Reached XP level 7. HP: 30/59 MP: 8/8
  3798 | D:5      | Gained mutation: Your system is resistant to poisons.
                  | (rPois) [Green Draconian growth]
  3942 | D:5      | Found a glowing golden altar of the Shining One.
  3980 | D:5      | Reached skill level 6 in Long Blades
  4274 | D:5      | Got a warped silver ring
  4276 | D:5      | Identified the ring of Xiadgh {Wiz +Fly rF+++ rN+ Stlth-}
                  | (You found it on level 5 of the Dungeon)
  4724 | D:6      | Found a sand-covered staircase.
  4733 | Ossuary  | Entered an ossuary
  4952 | Ossuary  | Reached skill level 5 in Fighting
  5010 | Ossuary  | Reached XP level 8. HP: 26/68 MP: 10/10
  5296 | Ossuary  | Reached skill level 7 in Long Blades
  5628 | D:6      | HP: 4/103 [wyvern skeleton (8)]
  5634 | D:6      | Reached skill level 5 in Dodging
  6051 | D:6      | Reached skill level 8 in Long Blades
  6352 | D:6      | Reached XP level 9. HP: 48/75 MP: 12/12
  6856 | D:7      | Found a staircase to the Ecumenical Temple.
  6866 | Temple   | Entered the Ecumenical Temple
  7020 | Temple   | Became a worshipper of Ashenzari the Shackled
  8462 | D:8      | Reached skill level 5 in Evocations
  8528 | D:8      | Reached skill level 9 in Long Blades
  8592 | D:8      | Learned a level 5 spell: Fireball
  9020 | D:8      | Reached skill level 1 in Stealth
  9605 | D:8      | Reached * piety under Ashenzari
  9816 | D:8      | Identified a scroll of acquirement
  9958 | D:9      | Reached XP level 10. HP: 86/86 MP: 14/14
 10066 | D:9      | Found a staircase to the Lair.
 10132 | D:9      | Slain by a yak

Levels and vault maps discovered:
D:1:      psy_arrival_spokes, layout_basic
D:2:      layout_loops_ring, minivault_27
D:3:      layout_loops_ring, first_ration
D:4:      layout_rooms, minivault_14
D:5:      layout_rooms, tso_metal_star
D:6:      layout_basic, nicolae_ossuary_entry_monument
D:7:      layout_loops_ring, minmay_temple_entry_sparse_star,
          minmay_crystal_water
D:8:      black_bear_nest_1, layout_cave_pools
D:9:      layout_loops_cross, erik_lair_orcish_takeover
Temple:   nicolae_temple_the_god_donut

Skill      XL: |  1  2  3  4  5  6  7  8  9 10 |
---------------+-------------------------------+-----
Throwing       | 2 |  2.0
Dodging        | 3 4 5 6 |  6.9
Fighting       | 3 4 5 6 7 8 |  8.0
Long Blades    | 4 5 6 8 9 |  9.7
Evocations     | 1 2 3 4 5 |  5.6
Stealth        | 1 2 |  2.8

Action                   |  1- 3 |  4- 6 |  7- 9 | 10-12 || total
-------------------------+-------+-------+-------+-------++-------
Melee: Long sword        |   116 |   131 |   534 |    54 ||   835
       Tailslap          |    23 |    17 |    98 |    13 ||   151
Throw: Javelin           |       |       |     2 |       ||     2
Invok: Curse Item        |       |       |     1 |       ||     1
 Abil: Breathe Noxious F |       |       |    16 |     3 ||    19
Evoke: Wand              |       |       |     7 |     4 ||    11
  Use: Scroll            |       |     6 |    17 |       ||    23
       Potion            |       |     1 |     7 |     1 ||     9
 Stab: Sleeping          |     2 |     1 |       |       ||     3
       Confused          |       |       |     9 |     2 ||    11
  Eat: Chunk             |     2 |     4 |    11 |       ||    17
       Ration            |       |     1 |     4 |       ||     5
Armor: Skin              |    40 |    35 |   145 |     8 ||   228
Dodge: Dodged            |   110 |    90 |   420 |    38 ||   658
Block: Buckler           |       |       |       |    13 ||    13
       Rpst.: Long sword |    25 |    38 |    92 |    11 ||   166

Table legend:
 A = Non-vault XP
 B = Vault XP
 C = Vault XP percentage of total XP
 D = Non-vault monster count
 E = Vault monster count
 F = Vault count percentage of total count
                 A         B        C        D         E       F
            +---------+---------+-------+---------+---------+-------
      Total |    5598 |    1151 |  17.1 |     184 |      32 |  14.8
            +---------+---------+-------+---------+---------+-------
        D:1 |      32 |       0 |   0.0 |      17 |       0 |   0.0
        D:2 |      74 |       0 |   0.0 |      19 |       0 |   0.0
        D:3 |     143 |       0 |   0.0 |      20 |       0 |   0.0
        D:4 |     309 |       0 |   0.0 |      13 |       0 |   0.0
        D:5 |     623 |       0 |   0.0 |      14 |       0 |   0.0
        D:6 |    1057 |       0 |   0.0 |      35 |       0 |   0.0
        D:7 |     534 |       0 |   0.0 |      13 |       0 |   0.0
        D:8 |    1827 |     133 |   6.8 |      40 |       1 |   2.4
        D:9 |     996 |     371 |  27.1 |      12 |       4 |  25.0
     Temple |       3 |       0 |   0.0 |       1 |       0 |   0.0
    Ossuary |       0 |     647 | 100.0 |       0 |      27 | 100.0
            +---------+---------+-------+---------+---------+-------
